 Dungeon Crawl Stone Soup version 0.20.1-1-g8b1a95d (webtiles) character file.

2340 Mesmaeker13 the Fighter (level 9, -3/97 HPs)
             Began as an Ogre Gladiator on July 26, 2017.
             Was a Believer of Trog.
             Slain by an unseen horror (7 damage)
             ... on level 7 of the Dungeon.
             The game lasted 00:13:20 (7582 turns).

Mesmaeker13 the Fighter (Ogre Gladiator)            Turns: 7582, Time: 00:13:21

Health: -3/97      AC:  3    Str: 21    XL:     9   Next: 43%
Magic:  9/9        EV: 12    Int: 10    God:    Trog [**....]
Gold:   329        SH:  0    Dex: 11    Spells: 8/8 levels left

rFire    + . .     SeeInvis .   s - +3 whip (venom)
rCold    . . .     Gourm    .   (no shield)
rNeg     . . .     Faith    .   b - +0 robe
rPois    +         Spirit   .   c - +0 hat
rElec    .         Reflect  .   (no cloak)
rCorr    .         Harm     .   (gloves unavailable)
MR       ++...                  (boots unavailable)
Stlth    +.........             (no amulet)
Regen    1.3/turn               r - ring of poison resistance
MPRegen  0.2/turn               w - ring of protection from fire

@: berserk cooldown, regenerating, slowed, very slow
A: unfitting armour, tough skin 1
a: Berserk, Trog's Hand, Burn Spellbooks, Renounce Religion


You were on level 7 of the Dungeon.
You worshipped Trog.
Trog was pleased with you.
You were very hungry.

You visited 1 branch of the dungeon, and saw 7 of its levels.

You collected 329 gold pieces.

Inventory:

Hand Weapons
 s - a +3 whip of venom (weapon)
Missiles
 y - a large rock (quivered)
Armour
 b - a +0 robe (worn)
 c - a +0 hat (worn)
Jewellery
 r - a ring of poison resistance (left hand)
 w - a ring of protection from fire (right hand)
Wands
 z - a wand of disintegration (12/24)
Scrolls
 e - a scroll of enchant weapon
 g - 3 scrolls of remove curse
 n - 6 scrolls of teleportation
 u - 2 scrolls of fear {unknown}
Potions
 h - a potion of haste
 i - a potion of magic
 k - 2 potions of curing {unknown}
 l - a potion of brilliance {unknown}
 m - a potion of invisibility {unknown}
 o - a potion of agility {unknown}
 q - a potion of ambrosia {unknown}
 A - a potion of berserk rage
 B - a potion of might {unknown}
Comestibles
 d - 2 royal jellies
 f - 5 bread rations
 j - 5 meat rations
 p - a chunk of flesh
 t - 3 fruits


   Skills:
 + Level 8.6 Fighting
 + Level 6.4 Maces & Flails
 + Level 6.0 Throwing
 + Level 6.3 Dodging


You had 8 spell levels left.
You didn't know any spells.

Dungeon Overview and Level Annotations

Branches:
Dungeon (7/15)             Temple (0/1) D:4

Altars:
Gozag
Makhleb
Ru
Trog
Uskayaw

Annotations:
D:3 Frank's ghost, amateur OpMo


Innate Abilities, Weirdness & Mutations

You are too large for most types of armour.
You have tough skin. (AC +1)


Message History

You feel a strong urge to attack something.
Something hits you but does no damage.
You see here a giant spiked club.
Something hits you!
* * * LOW HITPOINT WARNING * * *
You feel your anger subside. Something hits you but does no damage.
You are no longer berserk.
You are exhausted.
You feel yourself slow down.
You whack something! Something completely misses you. Something hits you!
* * * LOW HITPOINT WARNING * * *
You hit something. Something hits you.
* * * LOW HITPOINT WARNING * * *
Something hits you but does no damage. Something hits you!
* * * LOW HITPOINT WARNING * * *
You whack something! Something hits you.
* * * LOW HITPOINT WARNING * * *
Something hits you!
You die...

#.# #>.... #.# #
#.# # #.# # #.# #
#.# #. #.# #.. #{#
...### #@# ####
#..... #)# #..
...... #.# #.#
#.##.. #.# ##.##
#.##..
#.###...###.#).(..
#...........#.....
#####...######....
##.#########..
#............


There were no monsters in sight!

Vanquished Creatures
  A hippogriff (D:4)
  An ice beast (D:7)
  A sky beast (D:5)
  An orc warrior (D:6)
  A black bear (D:6)
  A phantom (D:4)
  4 ogres
  3 centaurs
  2 bullfrogs (D:6)
  2 scorpions (D:4)
  2 crimson imps (D:7)
  2 bullfrog zombies
  2 hounds
  An orc priest (D:6)
  2 gnoll shamans (D:6)
  4 orc wizards
  2 centaur skeletons
  3 worker ants
  A hound skeleton (D:4)
  A worker ant zombie (D:3)
  Robin (D:3)
  9 gnolls
  8 adders
  A river rat (D:6)
  2 shadow imps
  3 oozes
  2 worms
  12 dart slugs
  A leopard gecko (D:6)
  24 orcs
  A ball python (D:2)
  6 giant cockroaches
  12 goblins
  13 hobgoblins
  7 jackals
  A quokka (D:5)
  8 bats
  5 frilled lizards
  8 kobolds
  A quokka skeleton (D:5)
  5 rats
167 creatures vanquished.

Notes
Turn   | Place    | Note
-------+----------+-------------------------------------------
     0 | D:1      | Mesmaeker13 the Ogre Gladiator began the quest for the Orb.
     0 | D:1      | Reached XP level 1. HP: 22/22 MP: 1/1
   182 | D:1      | Reached skill level 3 in Fighting
   192 | D:1      | Reached XP level 2. HP: 24/31 MP: 2/2
   457 | D:1      | Reached XP level 3. HP: 27/37 MP: 3/3
   658 | D:2      | Found a sacrificial altar of Ru.
  1517 | D:3      | Noticed Robin
  1858 | D:2      | Reached XP level 4. HP: 30/48 MP: 4/4
  2014 | D:2      | Reached skill level 4 in Fighting
  2088 | D:3      | Found a burning altar of Makhleb.
  2564 | D:2      | Reached XP level 5. HP: 24/55 MP: 5/5
  2800 | D:3      | Noticed Frank's ghost (amateur OpMo)
  2967 | D:3      | Killed Robin
  3003 | D:3      | Found a bloodstained altar of Trog.
  3279 | D:4      | Found an opulent altar of Gozag.
  3361 | D:4      | Noticed a phantom
  3387 | D:4      | Killed a phantom
  3387 | D:4      | Reached skill level 5 in Fighting
  3387 | D:4      | Reached XP level 6. HP: 39/66 MP: 6/6
  3548 | D:3      | Became a worshipper of Trog the Wrathful
  3571 | D:4      | Found a staircase to the Ecumenical Temple.
  3879 | D:4      | Found a hide-covered altar of Uskayaw.
  3888 | D:4      | Noticed a hippogriff
  3895 | D:4      | Reached XP level 7. HP: 74/74 MP: 7/7
  3900 | D:4      | Killed a hippogriff
  3900 | D:4      | Reached skill level 6 in Fighting
  4259 | D:4      | Reached skill level 5 in Maces & Flails
  4599 | D:4      | Reached * piety under Trog
  4603 | D:4      | Reached XP level 8. HP: 65/84 MP: 8/8
  4734 | D:5      | Entered Level 5 of the Dungeon
  4993 | D:5      | Reached skill level 5 in Dodging
  5033 | D:5      | Reached skill level 7 in Fighting
  5862 | D:5      | HP: 2/87 [centaur/hand axe (10)]
  6283 | D:5      | Reached ** piety under Trog
  6313 | D:6      | Reached skill level 5 in Throwing
  6595 | D:6      | Reached XP level 9. HP: 77/96 MP: 9/9
  6636 | D:6      | Reached skill level 8 in Fighting
  6642 | D:6      | HP: 2/96 [gnoll/spear (4)]
  7582 | D:7      | HP: 4/97 [something (2)]
  7582 | D:7      | Slain by an unseen horror

Skill      XL: |  1  2  3  4  5  6  7  8  9 |
---------------+----------------------------+-----
Fighting       | 3 4 5 6 7 8 |  8.6
Dodging        | 3 4 5 6 |  6.3
Maces & Flails | 3 4 5 6 |  6.4
Throwing       | 3 4 5 6 |  6.0

Action                   |  1- 3 |  4- 6 |  7- 9 || total
-------------------------+-------+-------+-------++-------
Melee: Flail             |   129 |   110 |       ||   239
       Whip              |       |    84 |   321 ||   405
Throw: Throwing net      |     3 |     2 |       ||     5
       Large rock        |     2 |     6 |     4 ||    12
Invok: Berserk           |       |       |     3 ||     3
       Trog's Hand       |       |       |     2 ||     2
Evoke: Wand              |       |     2 |     1 ||     3
  Use: Scroll            |       |     6 |     2 ||     8
       Potion            |       |     1 |     3 ||     4
 Stab: Distracted        |     1 |       |       ||     1
       Sleeping          |       |     1 |       ||     1
  Eat: Chunk             |     3 |     7 |    14 ||    24
Armor: Robe              |    65 |    52 |    46 ||   163
Dodge: Dodged            |    90 |   123 |   138 ||   351
